Map: Seething Jungle

Players

Orthoclase

  • Race: Terran Terran
  • League: Gold
  • Spawn Location: 12:00

dubzian

  • Race: Terran Terran
  • League: Gold
  • Spawn Location: 1:00

Grumm - Winner!

  • Race: Protoss Protoss
  • League: Gold
  • Spawn Location: 6:00

Scorp - Winner!

  • Race: Terran Terran
  • Spawn Location: 7:00

VOD

Have the link to the VOD?

Description

Time

  • Played on: Jan. 19, 2016, 9:44 p.m.
  • Length: 17:17
Show
View Real Time Build Order
Export as new Build Order

Orthoclase Terran 

Build Orders:  

Get SALT Encoding   

  12  0:01  SCV  
  13  0:14  SCV  
  14  0:19  Supply Depot  
  14  0:26  SCV  
  15  0:40  SCV  
  15  0:42  Barracks  
  16  0:51  Refinery  
  16  0:52  SCV  
  17  1:04  SCV  
  18  1:16  SCV  
  19  1:29  SCV  
  20  1:33  Reaper  
  20  1:38  Command Center  
  21  1:49  SCV  
  21  1:53  Refinery  
  22  2:01  SCV  
  23  2:04  Barracks  
  23  2:07  Barracks Reactor  
  23  2:17  Supply Depot  
  23  2:31  Factory  
  23  2:39  SCV  
  23  2:52  Barracks Tech Lab  
  23  2:58  Orbital Command  
  23  3:01  Marine  
  23  3:02  Marine  
  24  3:19  Marine x2  
  24  3:27  Marine  
  23  3:37  Marine x2  
  25  3:45  Marine  
  26  3:49  Factory Reactor  
  26  3:52  Supply Depot  
  26  3:55  Marine x2, SCV  
  28  3:59  Orbital Command  
  29  4:15  Marine x2  
  29  4:16  Marauder  
  32  4:24  Widow Mine x2  
  36  4:33  Engineering Bay, SCV  
  36  4:37  Marauder  
  38  5:12  Orbital Command  
  38  5:13  Missile Turret  
  38  5:46  SCV x2  
  40  5:54  Barracks  
  40  5:55  Barracks  
  40  5:56  Barracks  
  40  5:58  SCV x2  
  40  6:01  Widow Mine x2  
  46  6:10  SCV x2  
  48  6:13  Marine x3  
  51  6:22  SCV x2  
  51  6:23  Supply Depot  
  51  6:25  Missile Turret  
  53  6:31  Marine  
  54  6:44  Marine  
  54  6:45  SCV x2  
  54  6:46  Supply Depot  
  57  6:48  Supply Depot  
  57  6:49  Supply Depot  
  57  6:52  Barracks Tech Lab, Barracks Reactor  
  57  6:54  Barracks Reactor  
  57  6:55  Engineering Bay  
  57  6:57  SCV x2  
  61  7:08  Marauder  
  61  7:09  SCV x2  
  63  7:21  Stimpack, SCV x2  
  63  7:22  Refinery  
  67  7:30  Marauder  
  67  7:32  Widow Mine x2  
  67  7:33  SCV x2  
  73  7:45  SCV x2  
  77  7:51  Marauder  
  77  7:56  Refinery  
  77  7:57  SCV  
  77  8:12  Armory  
  76  8:21  Combat Shields  
  76  8:33  Starport  
  76  8:38  Command Center  
  76  8:41  SCV  
  76  8:42  SCV  
  78  8:50  Marine  
  78  8:51  Marauder x2, Marine x3  
  86  8:57  Supply Depot  
  86  8:58  Supply Depot  
  86  9:00  Supply Depot  
  86  9:02  Supply Depot  
  86  9:10  Starport Reactor  
  86  9:17  Supply Depot  
  86  9:19  Marauder x2, SCV  
  86  9:21  Supply Depot, Marine x4  
  86  9:23  Supply Depot  
  95  9:40  Marauder x2  
  95  9:41  Supply Depot  
  99  9:56  Marine x3  
  99  9:59  Ghost Academy, Terran Infantry Weapons Level 1  
  102  10:02  Marauder x2  
  102  10:03  Supply Depot  
  102  10:05  Terran Infantry Armor Level 1  
  106  10:23  Marauder x2  
  106  10:25  SCV  
  106  10:26  SCV  
  112  10:28  Medivac  
  112  10:29  Medivac  
  116  10:38  SCV x2  
  116  10:39  Orbital Command  
  118  10:44  Marauder  
  120  10:50  SCV x2  
  120  10:51  Missile Turret  
  122  10:59  Ghost  
  124  11:05  Ghost  
  126  11:15  Supply Depot  
  126  11:23  Viking  
  128  11:36  Starport  
  128  11:38  Supply Depot  
  128  11:41  Marauder, Marine x4  
  128  11:42  Marauder, Marine  
  137  11:48  Viking  
  139  11:58  Marine  
  139  11:59  Marine x2  
  142  12:02  Supply Depot  
  142  12:03  Marauder x2  
  134  12:26  Viking x2  
  133  12:31  Terran Infantry Weapons Level 2, Terran Infantry Armor Level 2  
  133  12:34  Personal Cloaking  
  131  12:37  Marauder, Marine x2  
  131  12:43  Missile Turret  
  135  12:53  Starport Reactor  
  135  12:56  Viking x2  
  139  13:10  Command Center  
  139  13:11  SCV  
  140  13:22  Marine x3  
  140  13:23  Marauder x2, Supply Depot  
  140  13:26  Viking  
  149  13:35  Starport  
  149  13:53  Refinery  
  149  14:12  Refinery  
  149  14:15  Viking  
  149  14:16  Viking, Starport Reactor  
  153  14:22  Starport Tech Lab  
  153  14:40  Planetary Fortress  
  153  14:44  Fusion Core  
  153  14:45  SCV x2  
  155  14:58  Nuke  
  155  15:19  Medivac x3  
  161  15:36  Battlecruiser  
  161  15:42  Supply Depot  
  167  16:07  Refinery x2  
  142  16:59  Marine x2  
Show
View Real Time Build Order
Export as new Build Order

dubzian Terran 

Build Orders:  

Get SALT Encoding   

  12  0:01  SCV  
  13  0:13  SCV  
  14  0:25  SCV  
  15  0:30  Supply Depot  
  15  0:51  SCV  
  15  0:55  Barracks  
  16  1:04  SCV  
  17  1:07  Refinery  
  17  1:22  SCV  
  18  1:35  SCV  
  18  1:36  Command Center  
  19  1:50  Orbital Command  
  19  1:51  Marine  
  20  2:05  Supply Depot  
  20  2:10  Factory  
  20  2:14  Marine  
  21  2:18  SCV  
  22  2:31  Barracks  
  22  2:38  Bunker  
  22  2:41  Marine  
  22  2:43  SCV  
  24  2:52  Orbital Command  
  24  2:56  Factory Tech Lab  
  23  2:59  Marine  
  23  3:15  Supply Depot  
  23  3:17  Marine  
  23  3:19  Marine  
  25  3:28  Hellion  
  25  3:30  Orbital Command  
  26  3:34  Marine  
  26  3:36  Marine  
  27  3:47  Factory  
  27  3:50  Starport  
  27  3:52  Refinery  
  27  4:05  Bunker  
  24  4:16  Marine x2  
  26  4:18  Hellion  
  28  4:27  Starport Tech Lab  
  28  4:33  Factory Tech Lab  
  28  4:36  Marine x2  
  30  4:39  Siege Tank  
  32  5:03  Banshee  
  32  5:04  Engineering Bay  
  35  5:34  Siege Tank  
  38  5:36  Hellion  
  38  5:42  Bunker  
  39  6:12  Command Center  
  39  6:19  Cloaking Field  
  39  6:34  Supply Depot  
  39  6:41  Missile Turret  
  39  6:56  SCV  
  39  6:57  Missile Turret  
  40  7:08  Missile Turret  
  40  7:10  Missile Turret  
  40  7:13  Missile Turret  
  40  7:19  SCV  
  41  7:28  Orbital Command  
  41  7:45  Orbital Command  
  41  7:58  Siege Tank  
  38  8:12  Missile Turret  
  37  8:24  SCV  
  38  8:40  SCV  
  39  8:41  SCV  
  40  8:51  Banshee  
  40  8:54  Siege Tank  
  46  9:00  Siege Tank  
  46  9:01  SCV x2  
  51  9:08  Missile Turret  
  51  9:20  Starport  
  51  9:24  Barracks Tech Lab, Armory  
  51  9:25  Barracks Reactor  
  51  9:29  Terran Infantry Weapons Level 1  
  52  9:31  Hellion  
  52  9:42  Factory  
  52  9:50  Refinery  
  52  9:51  Refinery, SCV x2  
  54  10:00  Starport Tech Lab, Medivac  
  54  10:03  SCV  
  54  10:06  Supply Depot  
  57  10:11  SCV  
  58  10:15  SCV  
  59  10:27  Missile Turret  
  56  10:32  SCV x2  
  56  10:33  Medivac x2  
  56  10:55  Factory Tech Lab  
  56  11:08  Viking x2  
  56  11:09  Thor  
  66  11:19  Command Center  
  66  11:21  SCV x2  
  68  11:26  Stimpack  
  68  11:31  Hellbat  
  70  11:41  Supply Depot  
  70  11:43  Supply Depot  
  70  11:45  Supply Depot  
  70  11:51  Supply Depot  
  70  11:55  Supply Depot  
  70  12:03  SCV x2  
  72  12:09  Thor  
  78  12:18  SCV x2  
  80  12:29  Thor  
  86  12:34  Terran Vehicle And Ship Armor Level 1  
  86  12:39  Armory  
  86  12:44  Orbital Command  
  86  12:54  Thor  
  91  13:13  Command Center  
  91  13:21  Orbital Command  
  91  13:31  Thor  
  91  13:34  Thor  
  103  13:39  Terran Vehicle Weapons Level 1  
  99  14:08  Thor  
  105  14:11  SCV x2  
  107  14:18  SCV  
  107  14:21  Supply Depot  
  107  14:23  SCV x2  
  107  14:25  Raven  
  107  14:27  Thor  
  107  14:30  Refinery  
  115  14:32  Missile Turret  
  115  14:39  Missile Turret, Terran Ship Weapons Level 1  
  115  14:42  Hellbat  
  115  14:45  Infernal Pre-Igniter  
  117  14:52  Refinery, SCV  
  118  14:54  SCV  
  118  14:55  SCV  
  118  14:58  Orbital Command  
  120  15:11  Thor  
  126  15:25  Starport  
  126  15:27  Starport  
  126  15:34  Fusion Core  
  126  15:44  SCV x3  
  129  15:59  Thor  
  129  16:01  Hellbat x2  
  139  16:10  Orbital Command  
  139  16:15  SCV  
  139  16:17  SCV  
  141  16:22  Hellbat x2  
  145  16:30  Missile Turret x2  
  145  16:31  Marine  
  145  16:32  Marine x2  
  147  16:46  Viking  
  146  16:49  Marine  
Show
View Real Time Build Order
Export as new Build Order

Grumm Protoss - Winner!

Build Orders: Oracle Opening 

Get SALT Encoding   

  12  0:01  Probe (Chrono Boost)  
  13  0:16  Pylon  
  13  0:20  Probe (Chrono Boost)  
  14  0:30  Probe (Chrono Boost)  
  15  0:36  Gateway  
  15  0:47  Gateway  
  15  0:50  Probe (Chrono Boost)  
  16  1:00  Assimilator  
  16  1:01  Probe (Chrono Boost)  
  17  1:10  Assimilator  
  17  1:12  Probe (Chrono Boost)  
  18  1:21  Pylon  
  18  1:22  Probe (Chrono Boost)  
  19  1:33  Probe (Chrono Boost)  
  19  1:39  Cybernetics Core  
  20  1:42  Zealot  
  22  1:50  Zealot  
  25  1:54  Probe (Chrono Boost)  
  25  2:09  Pylon  
  25  2:16  Adept  
  25  2:17  Adept  
  25  2:19  Warp Gate (Chrono Boost)  
  29  2:29  Stargate  
  28  2:47  Probe  
  27  3:32  Probe  
  28  3:34  Oracle (Chrono Boost)  
  28  3:40  Zealot  
  28  3:41  Zealot  
  29  3:44  Probe  
  30  3:49  Nexus  
  30  3:56  Probe  
  31  4:03  Pylon  
  31  4:07  Pylon  
  31  4:08  Probe  
  32  4:20  Probe  
  33  4:28  Gateway  
  33  4:32  Robotics Facility, Probe  
  33  4:33  Forge  
  34  5:01  Probe  
  35  5:12  Photon Cannon  
  35  5:14  Stalker  
  35  5:15  Stalker  
  35  5:20  Assimilator, Probe  
  40  5:27  Assimilator  
  40  5:31  Pylon, Zealot  
  42  5:41  Probe x2  
  44  5:52  Twilight Council  
  44  5:53  Probe  
  44  5:55  Zealot x2  
  44  5:56  Zealot  
  51  6:10  Probe x2  
  52  6:12  Protoss Ground Armor Level 1  
  52  6:15  Warp Prism  
  55  6:22  Pylon, Probe  
  55  6:24  Gateway  
  56  6:33  Dark Shrine  
  56  6:35  Pylon  
  56  6:51  Photon Cannon  
  56  6:55  Photon Cannon  
  56  7:05  Immortal  
  60  7:11  Photon Cannon  
  60  7:31  Probe  
  60  7:32  Probe  
  50  8:08  Probe  
  50  8:10  Void Ray (Chrono Boost), Dark Templar x3  
  50  8:11  Immortal (Chrono Boost)  
  54  8:18  Archon  
  58  8:23  Probe  
  59  8:27  Gateway  
  59  8:30  Gateway  
  59  8:31  Dark Templar  
  61  8:37  Pylon  
  61  8:38  Archon  
  61  8:44  Zealot x3  
  61  8:47  Protoss Ground Weapons Level 1 (Chrono Boost)  
  67  9:06  Zealot  
  67  9:07  Zealot x3  
  75  9:10  Charge (Chrono Boost)  
  75  9:14  Probe x2  
  77  9:26  Probe  
  78  9:41  Robotics Bay  
  78  9:48  Dark Templar  
  80  9:53  Nexus  
  80  10:02  Pylon, Dark Templar  
  82  10:14  Observer (Chrono Boost)  
  83  10:20  Stalker  
  85  10:27  Stalker  
  84  10:39  Stalker x2  
  86  10:55  Zealot x4  
  94  11:02  Probe  
  95  11:09  Probe  
  95  11:11  Probe  
  97  11:14  Assimilator, Probe, Void Ray  
  98  11:19  Assimilator  
  98  11:20  Probe  
  98  11:21  Photon Cannon  
  98  11:22  Zealot x5  
  98  11:23  Probe  
  114  11:26  Probe  
  114  11:30  Probe  
  116  11:35  Probe  
  116  11:38  Colossus (Chrono Boost), Probe  
  124  11:41  Probe  
  125  11:57  Forge  
  125  11:58  Protoss Ground Weapons Level 2 (Chrono Boost)  
  125  12:42  Protoss Ground Armor Level 2 (Chrono Boost)  
  125  12:43  Pylon  
  125  12:45  Pylon  
  125  12:47  Pylon  
  125  12:50  Pylon  
  125  12:52  Extended Thermal Lance, Photon Cannon  
  125  12:55  Void Ray  
  125  12:56  Colossus  
  125  13:01  Probe x3  
  138  13:05  Protoss Air Armor Level 1  
  138  13:13  Probe x3  
  141  13:23  Gateway  
  141  13:25  Probe x3  
  144  13:32  Nexus  
  144  13:33  Pylon, Dark Templar  
  146  13:37  Probe x2  
  148  13:42  Dark Templar  
  148  13:46  Colossus  
  154  14:02  Photon Cannon  
  154  14:06  Pylon  
  154  14:09  Pylon  
  152  14:27  Dark Templar x5  
  152  14:28  Dark Templar  
  164  14:34  Void Ray  
  168  14:46  Archon x3  
  168  14:47  Archon  
  168  14:52  Stalker  
  170  14:54  Protoss Ground Weapons Level 3 (Chrono Boost)  
  170  14:58  Blink  
  170  15:05  Probe x2  
  172  15:10  Assimilator  
  172  15:12  Photon Cannon  
  172  15:13  Probe  
  172  15:14  Assimilator, Probe  
  172  15:17  Probe x2  
  176  15:31  Zealot x5  
  176  15:32  Zealot x2  
  190  15:41  Probe  
  190  15:42  Probe x2  
  193  15:50  Gateway  
  193  15:51  Gateway  
  193  15:54  Gateway  
  193  15:55  Gateway  
  193  15:57  Pylon  
  193  16:01  Gateway  
  193  16:13  Dark Templar  
  183  16:50  Zealot x5  
  183  16:51  Zealot x2  
Show
View Real Time Build Order
Export as new Build Order

Scorp Terran - Winner!

Build Orders: MMM Bio 

Get SALT Encoding   

  12  0:01  SCV  
  13  0:14  SCV  
  14  0:32  SCV  
  14  0:33  Supply Depot  
  15  0:55  Barracks  
  15  0:58  SCV  
  16  1:07  Barracks x2  
  16  1:10  SCV  
  17  1:25  Refinery  
  17  1:45  Marine  
  18  1:48  Orbital Command  
  18  1:57  Marine x2  
  20  2:08  Supply Depot  
  20  2:10  Supply Depot  
  20  2:17  Barracks Tech Lab  
  20  2:18  Marine x2  
  20  2:20  SCV  
  23  2:35  Marine  
  23  2:52  Marine  
  23  2:53  Marauder  
  23  2:54  Barracks Tech Lab  
  23  2:55  SCV  
  27  3:07  SCV  
  27  3:10  Supply Depot  
  27  3:11  Supply Depot  
  28  3:13  Marauder, Marine  
  28  3:15  Marauder  
  28  3:19  SCV  
  34  3:28  Stimpack  
  34  3:31  Marine  
  34  3:32  SCV  
  36  3:50  Marauder x2, Marine  
  36  3:51  SCV  
  42  3:55  Engineering Bay  
  42  4:15  Marine x3  
  43  4:23  SCV  
  44  4:29  Factory, Refinery  
  44  4:31  Missile Turret  
  44  4:33  Marine  
  44  4:37  Marauder x2  
  49  4:47  SCV  
  49  4:51  Marine  
  51  4:58  Marine x2  
  53  5:07  Combat Shields  
  53  5:09  Marine  
  54  5:16  Marine  
  55  5:23  Supply Depot  
  55  5:28  Supply Depot  
  55  5:31  Supply Depot  
  55  5:44  Marine x3  
  58  6:03  Starport  
  58  6:04  Factory Reactor  
  58  6:10  Command Center  
  58  6:13  Supply Depot  
  58  6:17  Terran Infantry Weapons Level 1  
  58  6:24  Marauder x2, Marine  
  63  6:42  Marine  
  64  6:59  Engineering Bay  
  64  7:02  Supply Depot  
  64  7:05  Medivac  
  64  7:06  Medivac  
  68  7:21  Factory Tech Lab  
  68  7:35  Medivac  
  70  7:37  Supply Depot x2  
  70  7:39  Terran Infantry Armor Level 1  
  70  7:56  SCV x2  
  72  8:05  Missile Turret  
  72  8:07  Siege Tank  
  75  8:14  Refinery  
  75  8:15  Orbital Command, Refinery  
  75  8:19  Supply Depot  
  75  8:24  Missile Turret  
  75  8:26  Missile Turret  
  75  8:33  SCV  
  76  8:45  SCV  
  76  8:46  Missile Turret  
  77  8:57  SCV  
  77  8:58  Barracks Reactor  
  77  8:59  Siege Tank  
  77  9:01  SCV  
  83  9:10  SCV  
  83  9:13  Supply Depot, SCV  
  84  9:22  Medivac, Armory  
  84  9:23  SCV  
  87  9:42  SCV x2  
  87  9:43  Marine  
  87  9:44  Marine x3  
  93  9:56  Supply Depot  
  93  10:04  Command Center  
  93  10:11  Supply Depot  
  93  10:30  Medivac x2  
  93  10:32  SCV x2  
  99  10:53  Siege Tank  
  102  10:57  Supply Depot x2  
  102  11:00  Viking x2  
  102  11:03  SCV x2  
  108  11:17  Missile Turret  
  108  11:19  Planetary Fortress  
  108  11:25  Siege Tank  
  111  11:26  SCV x2  
  111  11:27  Marine x3  
  111  11:28  Marine  
  111  11:31  Barracks x2  
  117  11:39  Missile Turret  
  117  11:45  Supply Depot, Marine  
  118  11:47  Supply Depot  
  118  12:00  Missile Turret  
  114  12:18  Marine x5  
  111  12:45  Missile Turret  
  111  12:48  Missile Turret  
  111  12:53  Marine, Siege Tank  
  111  12:54  Barracks Tech Lab, Barracks Reactor  
  115  13:06  Missile Turret  
  115  13:12  Terran Vehicle Weapons Level 1  
  115  13:14  Marine x5  
  115  13:17  Viking x2  
  124  13:22  Refinery  
  124  13:23  Refinery  
  124  13:25  Siege Tank  
  127  13:27  Missile Turret  
  127  13:32  Marine x2  
  127  13:33  Marauder  
  131  13:46  Marine  
  131  13:47  Marine x3  
  135  13:50  Supply Depot, Marine x2  
  135  13:55  SCV  
  138  13:57  Siege Tank  
  141  14:07  SCV  
  142  14:14  Supply Depot  
  142  14:19  SCV  
  142  14:20  Terran Infantry Weapons Level 2, Terran Infantry Armor Level 2  
  143  14:26  Marine x5  
  143  14:27  Marauder x2  
  143  14:29  SCV x2, Siege Tank  
  157  14:31  SCV  
  158  14:41  SCV  
  158  14:43  SCV  
  158  14:44  Marine x2  
  158  14:45  Marauder  
  164  14:58  Marine x2  
  164  14:59  Marine x2  
  168  15:01  Marine x2  
  170  15:12  Command Center  
  170  15:14  Siege Tank  
  173  15:15  Marine  
  173  15:16  Marine x3  
  173  15:17  Marine  
  178  15:58  Marine x6  
  178  15:59  Marauder  
  184  16:16  Marauder  
  184  16:27  Missile Turret  
  184  16:31  Marine, Siege Tank  
  184  16:32  Marauder, Marine x4  
  188  16:38  Marauder  
  190  16:49  Missile Turret, Marine  
  190  16:50  Marauder  
  192  17:11  Missile Turret  
Tags
 
Add a new tag
Caveats
  • Supply blocks, unpowered buildings, or Contaminate may cause inaccurate times.
  • Supply counts are checked every 10 seconds.